cohdb
Replays
Latest Replays
All Replays
Popular Replays
Top Player Replays
Match Explorer
How It Works
Community
CoH3 Stats
Reddit
Sign in to upload your games and track your stats! →
Sign in with Steam
Match 34774408
Unlisted
Match 34774408
Overview
Messages
Build Orders
End
Selects Armored Battlegroup
Construct Barracks
Selects Assault Engineers
Assault Engineer Squad
1⁄4-ton 4x4 Truck
Riflemen Squad
Riflemen Squad
M1 Mortar Team
Construct Medical Station
Construct Weapon Support Center
Mechanized Support Center
Bazooka Squad
Construct Motor Pool
Selects M31 Recovery Vehicle
M1 Anti-tank Gun Team
Selects Strength in Steel
Grenade Package
M1919 Machine Gun Team
M24 Chaffee Light Tank
Selects M8 Scott SPG
Selects UNKNOWN (2160077)
M1 Anti-tank Gun Team
Construct Tank Depot
Phil
DireRadiant
(KCC)MGfirst
연합은사기다
0
0
Comments
sign in to comment!
No comments posted yet!